SNL (28 & UNDER)
KEY WEST BARRACUDAS @ BEAUMONT ROUGHNECKS
04/29/2026
 
TOP OF THE 1ST
Key West Barracudas batting - Pitching for New Hampshire Fisher Cats : RHP Ron Scott
Pitching: RHP Ron Scott
Batting: SHB Rodney Birling 0-0: Foul Ball, location: 2F
0-1: Ball
1-1: Ball
2-1: Foul Ball, location: 2F
2-2: Strikes out swinging
Batting: RHB Chris Adams 0-0: Called Strike
0-1: SINGLE (Line Drive, 89M)
Batting: SHB Jacob Knapp 0-0: Foul Ball, location: 2F
0-1: Ball
1-1: Ball
2-1: Foul Ball, location: 2F
2-2: Strikes out looking
Batting: LHB Jake Wells 0-0: Ball
1-0: Called Strike
1-1: Ball
2-1: SINGLE (Groundball, 56D)
Chris Adams to second
Batting: LHB Daniel Byrd 0-0: Ball
1-0: Ball
2-0: Called Strike
2-1: Called Strike
2-2: Ground out 1-3 (Groundball, 13)
Top of the 1st over - 0 run(s), 2 hit(s), 0 error(s), 2 left on base; Key West 0 - New Hampshire 0
BOTTOM OF THE 1ST
New Hampshire Fisher Cats batting - Pitching for Key West Barracudas : LHP Luis Rodríguez
Pitching: LHP Luis Rodríguez
Batting: RHB António López 0-0: Ball
1-0: Ball
2-0: Foul Ball, location: 2F
2-1: Swinging Strike
2-2: Ground out 1-3 (Groundball, 15S)
Batting: RHB Michael Kent 0-0: Ball
1-0: Called Strike
1-1: Ball
2-1: Foul Ball, location: 2F
2-2: Strikes out looking
Batting: RHB Felipe Rivas 0-0: Called Strike
0-1: Fly out, F4 (Line Drive, 4M)
Bottom of the 1st over - 0 run(s), 0 hit(s), 0 error(s), 0 left on base; Key West 0 - New Hampshire 0
TOP OF THE 2ND
Key West Barracudas batting - Pitching for New Hampshire Fisher Cats : RHP Ron Scott
Batting: RHB Dan Craft 0-0: Called Strike
0-1: Fly out, F8 (Flyball, 8RD)
Batting: RHB Carlos Miranda 0-0: Ball
1-0: Called Strike
1-1: Ball
2-1: Foul Ball, location: 2F
2-2: Foul Ball, location: 2F
2-2: DOUBLE (Line Drive, 7LM)
Batting: SHB Héctor Jiménez 0-0: Ball
1-0: Ball
2-0: Fly out, F8 (Flyball, 8LM)
Batting: LHB Motoki Hirata 0-0: Ball
1-0: Foul Ball, location: 2F
1-1: SINGLE (Line Drive, 9LS)
Carlos Miranda to third
Runner from 3rd tries for Home, SAFE, throw made home
Motoki Hirata to second
Batting: SHB Rodney Birling 0-0: Ball
1-0: Swinging Strike
1-1: Called Strike
1-2: Strikes out swinging
Top of the 2nd over - 1 run(s), 2 hit(s), 0 error(s), 1 left on base; Key West 1 - New Hampshire 0
BOTTOM OF THE 2ND
New Hampshire Fisher Cats batting - Pitching for Key West Barracudas : LHP Luis Rodríguez
Batting: RHB Si-xun Li 0-0: Swinging Strike
0-1: SINGLE (Groundball, 25) (infield hit)
Batting: LHB Cam Flowers 0-0: Called Strike
0-1: Ball
1-1: Swinging Strike
1-2: Ball
2-2: Foul Ball, location: 2F
2-2: Ground out 3-1 (Groundball, 34)
Si-xun Li to second
Batting: RHB Benjamin Lawson 0-0: Called Strike
0-1: Ball
1-1: Ball
2-1: Foul Ball, location: 2F
2-2: Strikes out swinging
Batting: SHB Ken Hernández 0-0: Called Strike
0-1: Foul Ball, location: 2F
0-2: Ball
1-2: Foul Ball, location: 2F
1-2: Ball
2-2: Foul Ball, location: 2F
2-2: Fly out, F8 (Flyball, 8LM)
Bottom of the 2nd over - 0 run(s), 1 hit(s), 0 error(s), 1 left on base; Key West 1 - New Hampshire 0
TOP OF THE 3RD
Key West Barracudas batting - Pitching for New Hampshire Fisher Cats : RHP Ron Scott
Batting: RHB Chris Adams 0-0: Foul Ball, location: 2F
0-1: Called Strike
0-2: Strikes out swinging
Batting: SHB Jacob Knapp 0-0: Foul Ball, location: 2F
0-1: Ball
1-1: Ball
2-1: Foul Ball, location: 2F
2-2: Fly out, F7 (Popup, 78S)
Batting: LHB Jake Wells 0-0: Ball
1-0: Ball
2-0: Ball
3-0: Base on Balls
Batting: LHB Daniel Byrd 0-0: Swinging Strike
0-1: Foul Ball, location: 2F
0-2: Ball
1-2: Fly out, F9 (Line Drive, 9M)
Top of the 3rd over - 0 run(s), 0 hit(s), 0 error(s), 1 left on base; Key West 1 - New Hampshire 0
BOTTOM OF THE 3RD
New Hampshire Fisher Cats batting - Pitching for Key West Barracudas : LHP Luis Rodríguez
Batting: RHB José Sánchez 0-0: Foul Ball, location: 2F
0-1: Ball
1-1: Ball
2-1: Ground out 6-3 (Groundball, 6)
Batting: RHB Albert Alemán 0-0: Called Strike
0-1: Foul Ball, location: 2F
0-2: SINGLE (Groundball, 6MD)
Batting: RHB António López 0-0: Foul Ball, location: 2F
0-1: Grounds into double play, 5-4-3 (Groundball, 56)
Bottom of the 3rd over - 0 run(s), 1 hit(s), 0 error(s), 0 left on base; Key West 1 - New Hampshire 0
TOP OF THE 4TH
Key West Barracudas batting - Pitching for New Hampshire Fisher Cats : RHP Ron Scott
Batting: RHB Dan Craft 0-0: Ball
1-0: Fly out, F9 (Flyball, 9M)
Batting: RHB Carlos Miranda 0-0: Called Strike
0-1: Ball
1-1: Fly out, F4 (Popup, 4D)
Batting: SHB Héctor Jiménez 0-0: Ball
1-0: Called Strike
1-1: Foul Ball, location: 2F
1-2: Ground out 5-3 (Groundball, 56)
Top of the 4th over - 0 run(s), 0 hit(s), 0 error(s), 0 left on base; Key West 1 - New Hampshire 0
BOTTOM OF THE 4TH
New Hampshire Fisher Cats batting - Pitching for Key West Barracudas : LHP Luis Rodríguez
Batting: RHB Michael Kent 0-0: Called Strike
0-1: Ball
1-1: Foul Ball, location: 2F
1-2: Ball
2-2: DOUBLE (Line Drive, 9LS)
Batting: RHB Felipe Rivas 0-0: Called Strike
0-1: DOUBLE (Flyball, 78XD)
Michael Kent scores
Batting: RHB Si-xun Li 0-0: Ground out 1-3 (Groundball, 15)
Batting: LHB Cam Flowers 0-0: Ground out U3 (Groundball, 3L)
Felipe Rivas to third
Batting: RHB Benjamin Lawson 0-0: Called Strike
0-1: SINGLE (Line Drive, 3D)
Felipe Rivas scores
Batting: SHB Ken Hernández 0-0: Swinging Strike
0-1: Foul Ball, location: 2F
0-2: Ball
1-2: Ball
2-2: Ball
3-2: DOUBLE (Line Drive, 9LS)
Benjamin Lawson to third
Benjamin Lawson scores
Batting: RHB José Sánchez 0-0: Foul Ball, location: 2F
0-1: Ball
1-1: Fly out, F8 (Flyball, 8LM)
Bottom of the 4th over - 3 run(s), 4 hit(s), 0 error(s), 1 left on base; Key West 1 - New Hampshire 3
TOP OF THE 5TH
Key West Barracudas batting - Pitching for New Hampshire Fisher Cats : RHP Ron Scott
Batting: LHB Motoki Hirata 0-0: Ball
1-0: Called Strike
1-1: Ball
2-1: Ground out 4-3 (Groundball, 4)
Batting: SHB Rodney Birling 0-0: Called Strike
0-1: Ball
1-1: Swinging Strike
1-2: Ground out 4-3 (Groundball, 4)
Batting: RHB Chris Adams 0-0: Ball
1-0: SINGLE (Line Drive, 8RS)
Batting: SHB Jacob Knapp 0-0: Foul Ball, location: 2F
0-1: Ball
1-1: Ball
2-1: Ball
3-1: Called Strike
3-2: Foul Ball, location: 2F
3-2: Strikes out swinging
Top of the 5th over - 0 run(s), 1 hit(s), 0 error(s), 1 left on base; Key West 1 - New Hampshire 3
BOTTOM OF THE 5TH
New Hampshire Fisher Cats batting - Pitching for Key West Barracudas : LHP Luis Rodríguez
Batting: RHB Albert Alemán 0-0: Swinging Strike
0-1: Foul Ball, location: 2F
0-2: Strikes out swinging
Batting: RHB António López 0-0: Ball
1-0: Called Strike
1-1: Ball
2-1: Fly out, F9 (Line Drive, 89M)
Batting: RHB Michael Kent 0-0: Ball
1-0: SINGLE (Line Drive, 34D)
Batting: RHB Felipe Rivas 0-0: Ball
1-0: Fly out, F7 (Flyball, 7LM)
Bottom of the 5th over - 0 run(s), 1 hit(s), 0 error(s), 1 left on base; Key West 1 - New Hampshire 3
TOP OF THE 6TH
Key West Barracudas batting - Pitching for New Hampshire Fisher Cats : RHP Ron Scott
Batting: LHB Jake Wells 0-0: Ball
1-0: Swinging Strike
1-1: Swinging Strike
1-2: Strikes out looking
Batting: LHB Daniel Byrd 0-0: Fly out, F8 (Flyball, 8LD)
Batting: RHB Dan Craft 0-0: Swinging Strike
0-1: SINGLE (Flyball, 7LS)
Batting: RHB Carlos Miranda 0-0: Ball
1-0: Ball
2-0: Ground out 1-3 (Groundball, 13)
Top of the 6th over - 0 run(s), 1 hit(s), 0 error(s), 1 left on base; Key West 1 - New Hampshire 3
BOTTOM OF THE 6TH
New Hampshire Fisher Cats batting - Pitching for Key West Barracudas : LHP Luis Rodríguez
Batting: RHB Si-xun Li 0-0: SINGLE (Groundball, 5D)
Batting: LHB Cam Flowers 0-0: Ball
1-0: Ball
2-0: Called Strike
2-1: DOUBLE (Line Drive, 89M)
Si-xun Li to third
Batting: RHB Benjamin Lawson 0-0: SINGLE (Line Drive, 34D)
Si-xun Li scores
Cam Flowers to third
Runner from 3rd tries for Home, SAFE, throw made home
Benjamin Lawson to second
Batting: SHB Ken Hernández 0-0: Called Strike
0-1: SINGLE (Groundball, 4MD)
Benjamin Lawson to third
Batting: RHB José Sánchez 0-0: Called Strike
0-1: Reached on error, E5 (Groundball, 5L)
Benjamin Lawson scores
Ken Hernández to second
Batting: RHB Albert Alemán 0-0: Ball
1-0: Swinging Strike
1-1: Ball
2-1: Foul Ball, location: 2F
2-2: Strikes out looking
Batting: RHB António López 0-0: Called Strike
Ken Hernández steals 3rd base
José Sánchez to second
0-1: Called Strike
0-2: Ball
1-2: Foul Ball, location: 2F
1-2: Ball
2-2: Ball
3-2: Base on Balls
Batting: RHB Michael Kent 0-0: Ball
1-0: Called Strike
1-1: Foul Ball, location: 2F
1-2: Foul Ball, location: 2F
1-2: Ball
2-2: Grounds into double play, 6-4-3 (Groundball, 6)
Bottom of the 6th over - 3 run(s), 4 hit(s), 1 error(s), 2 left on base; Key West 1 - New Hampshire 6
TOP OF THE 7TH
Key West Barracudas batting - Pitching for New Hampshire Fisher Cats : RHP Ron Scott
Batting: SHB Héctor Jiménez 0-0: Ball
1-0: Ball
2-0: Called Strike
Single, Error in OF, E8, batter to second base
Pitching: RHP Troy Bannon
Batting: LHB Motoki Hirata 0-0: Foul Ball, location: 2F
0-1: Ground out U3 (Groundball, 3S)
Héctor Jiménez to third
Batting: SHB Rodney Birling 0-0: Called Strike
0-1: Fly out, F4 (Line Drive, 4)
Batting: RHB Chris Adams 0-0: Ball
1-0: Ground out 4-3 (Groundball, 4)
Top of the 7th over - 0 run(s), 1 hit(s), 1 error(s), 1 left on base; Key West 1 - New Hampshire 6
BOTTOM OF THE 7TH
New Hampshire Fisher Cats batting - Pitching for Key West Barracudas : LHP Luis Rodríguez
Pitching: RHP Sean Harden
Batting: RHB Felipe Rivas 0-0: SINGLE (Popup, 4MD)
Batting: RHB Si-xun Li 0-0: Called Strike
0-1: Ball
1-1: Foul Ball, location: 2F
1-2: Ball
2-2: Strikes out looking
Batting: LHB Cam Flowers 0-0: Called Strike
0-1: Ball
1-1: Ball
2-1: Ball
3-1: SINGLE (Line Drive, 9S)
Felipe Rivas to second
Batting: RHB Benjamin Lawson 0-0: Called Strike
0-1: Called Strike
0-2: Strikes out swinging
Batting: SHB Ken Hernández 0-0: Ball
1-0: Ball
2-0: Swinging Strike
2-1: Ball
3-1: Fly out, F7 (Popup, 6D)
Bottom of the 7th over - 0 run(s), 2 hit(s), 0 error(s), 2 left on base; Key West 1 - New Hampshire 6
TOP OF THE 8TH
Key West Barracudas batting - Pitching for New Hampshire Fisher Cats : RHP Troy Bannon
Batting: SHB Jacob Knapp 0-0: Called Strike
0-1: Swinging Strike
0-2: Foul Ball, location: 2F
0-2: Foul Ball, location: 2F
0-2: Strikes out looking
Batting: LHB Jake Wells 0-0: SINGLE (Line Drive, 6D)
Batting: LHB Daniel Byrd 0-0: Ball
1-0: Grounds into double play, 6-4-3 (Groundball, 6)
Top of the 8th over - 0 run(s), 1 hit(s), 0 error(s), 0 left on base; Key West 1 - New Hampshire 6
BOTTOM OF THE 8TH
New Hampshire Fisher Cats batting - Pitching for Key West Barracudas : RHP Sean Harden
Batting: RHB José Sánchez 0-0: Called Strike
0-1: Ball
1-1: Ball
2-1: Foul Ball, location: 2F
2-2: Ball
3-2: Base on Balls
Batting: RHB Albert Alemán 0-0: Ball
1-0: Bunt missed!
1-1: Sac Bunt - play at first, batter OUT! U3
José Sánchez to second
Batting: RHB António López 0-0: Ball
1-0: TRIPLE (Line Drive, 9LS)
José Sánchez scores
Batting: RHB Michael Kent 0-0: Ball
Passed Ball!
António López scores
1-0: Ground out 4-3 (Groundball, 4)
Batting: RHB Felipe Rivas 0-0: Ground out 5-3 (Groundball, 56)
Bottom of the 8th over - 2 run(s), 1 hit(s), 0 error(s), 0 left on base; Key West 1 - New Hampshire 8
TOP OF THE 9TH
Key West Barracudas batting - Pitching for New Hampshire Fisher Cats : RHP Troy Bannon
Now at C: Tim Robertson
Batting: RHB Dan Craft 0-0: Ball
1-0: Called Strike
1-1: Ball
2-1: SINGLE (Groundball, 34D)
Batting: RHB Carlos Miranda 0-0: Swinging Strike
0-1: Ball
1-1: Ball
2-1: Ball
3-1: Called Strike
3-2: SINGLE (Line Drive, 4D)
Dan Craft to second
Dan Craft to third
Batting: SHB Héctor Jiménez 0-0: SINGLE (Groundball, 34)
Dan Craft scores
Carlos Miranda to second
Runner from 2nd tries for 3rd, SAFE, no throw or cutoff
Batting: LHB Motoki Hirata 0-0: Called Strike
0-1: Ball
1-1: Foul Ball, location: 2F
1-2: Strikes out swinging
Batting: SHB Rodney Birling 0-0: Fly out, F7 (Flyball, 78S)
Batting: RHB Chris Adams 0-0: Ball
1-0: Ball
2-0: Swinging Strike
2-1: Ball
3-1: Fly out, F2 (Popup, 2LF)
Top of the 9th over - 1 run(s), 3 hit(s), 0 error(s), 2 left on base; Key West 2 - New Hampshire 8
Monday, December 5th, 2016 - OOTP Baseball 17.12 Build 75